 Dungeon Crawl Stone Soup version 0.28-a0-655-g4eb62b627b (webtiles) character file.

Game seed: 2285507000206950764

46 mordus the Shield-Bearer (level 3, -1/29 HPs)
             Began as a Formicid Fighter on Oct 12, 2021.
             Killed from afar by Natasha (6 damage)
             ... with a magic dart
             ... on level 2 of the Dungeon.
             The game lasted 00:02:49 (1210 turns).

mordus the Shield-Bearer (Formicid Fighter)         Turns: 1210, Time: 00:02:50

Health: -1/29      AC:  7    Str: 21    XL:     3   Next: 92%
Magic:  3/3        EV:  9    Int:  7    God:
Gold:   86         SH:  4    Dex: 10    Spells: 2/2 levels left

rFire   . . .      SeeInvis +   a - +0 long sword
rCold   . . .      Faith    .   c - +0 buckler
rNeg    . . .      Spirit   .   b - +0 scale mail
rPois   .          Reflect  .   (helmet unavailable)
rElec   .          Harm     .   (no cloak)
rCorr   .          Rampage  .   (no gloves)
Will    .....                   (no boots)
Stlth   ..........              (no amulet)
HPRegen 0.09/turn               (no ring)
MPRegen 0.08/turn               (no ring)

@: no status effects
A: permanent stasis, dig shafts and tunnels, antennae 3, four strong arms
a: Dig, Shaft Self


You were on level 2 of the Dungeon.
You visited 1 branch of the dungeon, and saw 2 of its levels.

You collected 86 gold pieces.

Inventory:

Hand Weapons
 a - a +0 long sword (weapon)
Missiles
 l - 2 throwing nets
Armour
 b - a +0 scale mail (worn)
 c - a +0 buckler (worn)
Scrolls
 g - a scroll of holy word {unknown}
 h - 3 scrolls of teleportation {unknown}
 i - a scroll of enchant armour {unknown}
 k - a scroll of fog {unknown}
Potions
 d - a potion of might
 e - a potion of brilliance {unknown}
 f - a potion of haste {unknown}
 j - 2 potions of experience {unknown}


   Skills:
 - Level 3.2 Fighting
 * Level 3.1 Long Blades
 + Level 3.8 Armour
 + Level 4.1 Shields


You had 2 spell levels left.
You didn't know any spells.
Your spell library was empty.

Dungeon Overview and Level Annotations

Branches:
Dungeon (2/15)

Altars:
Dithmenos

Annotations:
D:2 Natasha


Innate Abilities, Weirdness & Mutations

You cannot be hasted, slowed, berserked, paralysed or teleported.
You can dig through walls and to a lower floor.
You have a pair of large antennae on your head. (SInv)
Your four strong arms can wield two-handed weapons with a shield.


Message History

You now have 79 gold pieces (gained 4).
You see here a +0 hand axe.
You see here a +0 short sword.
You now have 86 gold pieces (gained 7).
k - a scroll labelled QENIHE VO ADA
h - 3 scrolls labelled ANOIZI GESUM (gained 1)
l - 2 throwing nets You see here 14 stones.
You open the door.
There is an open door here.
You sense a monster nearby.
Natasha, Servant of Life and Death comes into view.
Found a stone staircase leading down.
Natasha hisses angrily.
Natasha mumbles some strange words.
You feel troubled.
Natasha casts a spell.
You closely miss the white imp. The white imp barely misses you.
You closely miss Natasha. Natasha claws you but does no damage.
The white imp gestures at you. The puff of frost hits you!
You barely miss Natasha. Natasha closely misses you.
The white imp gestures at you. The puff of frost hits you!
Natasha casts a spell.
You are too injured to fight recklessly!
You are too injured to fight recklessly!
You are too injured to fight recklessly!
You closely miss the white imp. The white imp barely misses you.
Natasha mumbles some strange words.
The crimson imp blinks!
You see here 12 sling bullets.
The white imp gestures at you. The puff of frost hits you.
* * * LOW HITPOINT WARNING * * *
The white imp gestures at you.
The puff of frost hits you but does no damage.
Natasha stares at you and mumbles some strange words.
The magic dart hits you.
You die...

#####'##....# #.###.#
#...'...... #.##....#
#.#...# #...#######
#####.##....# #.#.###
#...# ......##....#
#.#.# #...#
......##....# #.#.#
#...#
............###.#.#
#####
......#...........#
......#...........#
.....###..#####.@.#
..........#.))#...#
......##..#...#..##
......##..#.(...5####
#####.##..#####...).#
.##......(h....#
.##..)..5......#
####..##'#####
##.##.#


You could see Natasha and 2 white imps.

Vanquished Creatures
  An adder (D:2)
  A worm (D:2)
  A dart slug (D:1)
  4 ball pythons
  4 endoplasms (D:1)
  A giant cockroach (D:1)
  4 goblins
  2 hobgoblins (D:1)
  2 quokkas (D:1)
  3 bats
  2 frilled lizards (D:1)
  3 kobolds (D:1)
  A rat (D:1)
29 creatures vanquished.

Notes
Turn   | Place    | Note
-------+----------+-------------------------------------------
     0 | D:1      | mordus the Formicid Fighter began the quest for the Orb.
     0 | D:1      | Reached XP level 1. HP: 18/18 MP: 1/1
    79 | D:1      | Found a faded altar of an unknown god.
    94 | D:1      | Reached XP level 2. HP: 24/24 MP: 2/2
   530 | D:1      | Reached XP level 3. HP: 19/29 MP: 3/3
   683 | D:1      | Reached skill level 4 in Shields
   924 | D:2      | Found a shadowy altar of Dithmenos.
  1193 | D:2      | Noticed Natasha
  1210 | D:2      | Killed from afar by Natasha

Illustrated notes

Levels and vault maps discovered:
D:1:      dpeg_arrival_round_b, layout_basic, ebering_ecumenical_altar_rust
D:2:      layout_basic, serial_shops, shop, basic_altar, due_unseen_surprise,
          uniq_natasha

Skill      XL: |  1  2  3 |
---------------+----------+-----
Shields        | 4 |  4.1
Long Blades    | 3 |  3.1
Fighting       | |  3.2
Armour         | |  3.8

Action                   || total
-------------------------++-------
Melee: Long sword        ||    97
 Abil: Dig               ||     1
Armor: Scale mail        ||    50
Dodge: Dodged            ||    48
Block: Buckler           ||    20

Table legend: (Time is in decaauts)
 A = Elapsed time spent in this place.
 B = Non-inter-level travel time spent in this place.
 C = Inter-level travel time spent in this place.
 D = Time resting spent in this place.
 E = Time spent auto-exploring this place.
 F = Levels seen in this place.
 G = Mean time per level.
                   A        B        C        D        E       F      G
               +--------+--------+--------+--------+--------+-----+--------+
         Total |   1235 |   1235 |      0 |      0 |    953 |   2 |  617.5 |
       Dungeon |   1235 |   1235 |      0 |      0 |    953 |   2 |  617.5 |
               +--------+--------+--------+--------+--------+-----+--------+

Top non-repeatable levels by time:
     D:1: 933 daAuts
     D:2: 301 daAuts
